 Dungeon Crawl Stone Soup version 0.27-a0-1186-g8b4daa1eef (webtiles) character file.

Game seed: 12565985830796265316

207 voltaire321 the Ducker (level 5, 0/41 HPs)
             Began as a Merfolk Gladiator on May 20, 2021.
             Succumbed to a scorpion's poison
             ... on level 4 of the Dungeon.
             The game lasted 00:06:24 (3776 turns).

voltaire321 the Ducker (Merfolk Gladiator)          Turns: 3776, Time: 00:06:26

Health: 0/41       AC:  5    Str: 15    XL:     5   Next: 85%
Magic:  5/5        EV: 13    Int:  7    God:
Gold:   272        SH:  4    Dex: 16    Spells: 4/4 levels left

rFire    . . .     SeeInvis .   a - +0 long sword
rCold    . . .     Faith    .   o - +0 buckler
rNeg     . . .     Spirit   .   b - +0 leather armour
rPois    .         Reflect  .   l - +2 hat
rElec    .         Harm     .   (no cloak)
rCorr    .         Rampage  .   (no gloves)
Will     .....                  (no boots)
Stlth    +.........             (no amulet)
HPRegen  0.13/turn              (no ring)
MPRegen  0.09/turn              (no ring)

@: mighty, lethally poisoned (0 -> -13)
A: (nimble swimmer 2), mertail
a: no special abilities


You were on level 4 of the Dungeon.
You visited 1 branch of the dungeon, and saw 4 of its levels.

You collected 272 gold pieces.

Inventory:

Hand Weapons
 a - a +0 long sword (weapon)
Missiles
 d - 3 throwing nets (quivered)
 i - 25 poisoned darts
Armour
 b - a +0 leather armour (worn)
 l - a +2 hat (worn)
 o - a +0 buckler (worn)
Scrolls
 c - a scroll of fog
 e - 3 scrolls of immolation
 j - 2 scrolls of identify
Potions
 k - a potion of haste {unknown}
 n - 2 potions of flight
 p - a potion of berserk rage {unknown}


   Skills:
 + Level 3.3 Fighting
 + Level 4.2 Long Blades
 + Level 3.0 Throwing
 + Level 1.5 Armour
 + Level 5.1 Dodging
 + Level 1.1 Shields


You had 4 spell levels left.
You didn't know any spells.
Your spell library was empty.

Dungeon Overview and Level Annotations

Branches:
Dungeon (4/15)
 Temple: D:4-7

Altars:

Annotations:
D:3 3 runed translucent doors, ZappyNine's ghost, amateur GnTm


Innate Abilities, Weirdness & Mutations

((You are quick and stealthy near water. (Stealth+, EV+, Speed+++)))
Your lower body shifts to a powerful aquatic tail in water.


Message History

The adder is moderately wounded.
You feel sick. The adder bites you but does no damage. The adder bites you.
You hit the adder.
The adder is severely wounded.
You feel sick.
You are no longer poisoned.
The adder bites you but does no damage. x2
You hit the adder but do no damage.
The adder is severely wounded.
You block the adder's attack.
You closely miss the adder.
The adder is severely wounded.
A scorpion comes into view.
The adder bites you.
You are poisoned.
The adder poisons you! The adder bites you but does no damage.
You hit the adder.
The adder is severely wounded.
You feel sick. The adder bites you.
You barely miss the adder.
The adder is severely wounded.
You feel sick. The adder bites you.
* * * LOW HITPOINT WARNING * * *
The adder bites you.
* * * LOW HITPOINT WARNING * * *
You hit the adder.
You kill the adder!
You feel sick.
Your Throwing skill increases to level 3!
You closely miss the scorpion.
You feel sick.
You are no longer poisoned.
The scorpion stings you.
* * * LOW HITPOINT WARNING * * *
The scorpion stings you.
* * * LOW HITPOINT WARNING * * *
You are lethally poisoned!
The scorpion poisons you!
It was a potion of might.
You feel very mighty all of a sudden.
You die...

**** *,,* #######..# * *
####[.<.....# * ** #.@s.####=.##
* ,******* *****#.#### **,*#
,,,,,,,***,,,...******,,******
,,,**,,,,,,.....,,,,,,,,,,,,,*
**,,,,****######*,,,,,*,,,,,,****
***,,,* *,,,,***,,,,,,,,,,,,
,,,,*,*** ****,**** **,,,,,,,****
,****,,,***,,,,********,,,,<,* ,*
***,,**,,,,,,,,,,,,,,,,,,*


You could see a scorpion.

Vanquished Creatures
  An orc priest (D:3)
  2 orc wizards (D:3)
  4 adders
  A worm (D:2)
  2 dart slugs
  16 orcs
  4 ball pythons
  3 endoplasms
  5 giant cockroaches
  4 goblins
  4 hobgoblins
  7 jackals (D:2)
  4 kobolds
  A quokka (D:3)
  2 bats
  6 frilled lizards
  3 rats
69 creatures vanquished.

Vanquished Creatures (others)
  12 fungi (D:2)
  4 toadstools (D:2)
16 creatures vanquished.

Grand Total: 85 creatures vanquished

Notes
Turn   | Place    | Note
-------+----------+-------------------------------------------
     0 | D:1      | voltaire321 the Merfolk Gladiator began the quest for the
                  | Orb.
     0 | D:1      | Reached XP level 1. HP: 16/16 MP: 1/1
    38 | D:1      | Reached XP level 2. HP: 12/23 MP: 2/2
   990 | D:2      | Reached XP level 3. HP: 27/28 MP: 3/3
  1742 | D:2      | Reached XP level 4. HP: 34/34 MP: 4/4
  1749 | D:2      | Reached skill level 1 in Armour
  1920 | D:2      | Found a faded altar of an unknown god.
  2658 | D:3      | Reached XP level 5. HP: 29/41 MP: 5/5
  3111 | D:3      | Reached skill level 5 in Dodging
  3317 | D:3      | Reached skill level 1 in Shields
  3482 | D:3      | Found a runed translucent gate.
  3482 | D:3      | Found a runed translucent gate.
  3484 | D:3      | Found a runed translucent gate.
  3485 | D:3      | Noticed ZappyNine's ghost (amateur GnTm)
  3776 | D:4      | Succumbed to a scorpion's poison

Illustrated notes

Levels and vault maps discovered:
D:1:      saegor_arrival_simple_d, layout_basic, kennysheep_crisscross,
          amcnicky_mini_corridor_feature
D:2:      minmay_chambers_of_ones, layout_rooms,
          hellmonk_ecumenical_altar_blasted, minmay_gold_behind_fungi,
          grunt_decor_clamped
D:3:      layout_basic, ebering_ghost_rock_garden
D:4:      layout_rooms, serial_shops, kennysheep_little_box, uniq_grinder

Skill      XL: |  1  2  3  4  5 |
---------------+----------------+-----
Armour         | 1 |  1.5
Fighting       | 3 |  3.3
Long Blades    | 4 |  4.2
Dodging        | 5 |  5.1
Shields        | 1 |  1.1
Throwing       | 3 |  3.0

Action                   |  1- 3 |  4- 6 || total
-------------------------+-------+-------++-------
Melee: Long sword        |    81 |   149 ||   230
  Use: Scroll            |       |     5 ||     5
       Potion            |       |     1 ||     1
 Stab: Sleeping          |     1 |       ||     1
Armor: Leather armour    |    25 |    42 ||    67
Dodge: Dodged            |    56 |   110 ||   166
Block: Buckler           |       |    21 ||    21
       Rpst.: Long sword |    19 |    27 ||    46

Table legend: (Time is in decaauts)
 A = Elapsed time spent in this place.
 B = Non-inter-level travel time spent in this place.
 C = Inter-level travel time spent in this place.
 D = Time resting spent in this place.
 E = Time spent auto-exploring this place.
 F = Levels seen in this place.
 G = Mean time per level.
                   A        B        C        D        E       F      G
               +--------+--------+--------+--------+--------+-----+--------+
         Total |   3825 |   3666 |    159 |    708 |   2325 |   4 |  956.2 |
       Dungeon |   3825 |   3666 |    159 |    708 |   2325 |   4 |  956.2 |
               +--------+--------+--------+--------+--------+-----+--------+

Top non-repeatable levels by time:
     D:2: 1651 daAuts
     D:3: 1364 daAuts
     D:1: 774 daAuts
     D:4: 35 daAuts
